 Dungeon Crawl Stone Soup version 0.26-a0-812-g31a745ddcd (webtiles) character file.

Game seed: 821406852682509474

7181 night the Magician (level 11, -6/81 HPs)
             Began as a Gnoll Earth Elementalist on Nov 25, 2020.
             Was an Elder of Vehumet.
             Mangled by a two-headed ogre
             ... wielding a +0 giant club
              (29 damage)
             ... on level 10 of the Dungeon.
             The game lasted 00:34:06 (13242 turns).

night the Magician (Gnoll Earth Elementalist)      Turns: 13242, Time: 00:34:07

Health: -6/81      AC:  8    Str: 10    XL:     11   Next: 11%
Magic:  3/22       EV: 17    Int: 21    God:    Vehumet [****..]
Gold:   516        SH:  0    Dex: 16    Spells: 12/25 levels left

rFire    . . .     SeeInvis .   a - +3 battleaxe (vorpal)
rCold    + . .     Faith    .   (shield currently unavailable)
rNeg     . . .     Spirit   .   c - +0 robe
rPois    .         Reflect  .   i - +1 helmet
rElec    .         Harm     .   (no cloak)
rCorr    .         Rampage  .   (no gloves)
MR       .....                  u - +0 pair of boots
Stlth    ++++......             (no amulet)
HPRegen  0.23/turn              p - ring of protection from cold
MPRegen  0.18/turn              (no ring)

@: no status effects
A: distributed training, claws 1, fangs 1, iridescent scales 1, screaming 1,
strong nose
a: Renounce Religion


You were on level 10 of the Dungeon.
You worshipped Vehumet.
Vehumet was greatly pleased with you.
You visited 2 branches of the dungeon, and saw 11 of its levels.

You collected 516 gold pieces.

Inventory:

Hand Weapons
 a - a +3 vorpal battleaxe (weapon)
 b - a +2 shortbow of freezing
 k - a +2 vampiric whip
 C - a +2 trident of flaming
Missiles
 o - 255 stones (quivered)
 y - 4 javelins
 z - 12 boomerangs
Armour
 c - a +0 robe (worn)
 i - a +1 helmet (worn)
 u - a +0 pair of boots (worn)
Jewellery
 p - a ring of protection from cold (left claw)
 w - an uncursed amulet of guardian spirit {unknown}
Wands
 j - a wand of digging (7)
 D - a wand of paralysis (5)
 G - a wand of iceblast (9)
Scrolls
 d - 2 scrolls of teleportation
 e - 13 scrolls of identify
 g - a scroll of noise {unknown}
 h - 10 scrolls of remove curse
 l - a scroll of fog
 m - a scroll of summoning {unknown}
 r - 2 scrolls of enchant weapon
 E - 2 scrolls of enchant armour
 F - a scroll of amnesia
Potions
 f - 4 potions of brilliance
 n - 2 potions of berserk rage
 s - a potion of haste
 t - 2 potions of curing
 v - a potion of cancellation
 B - a potion of mutation


   Skills:
 + Level 6.0 Fighting
 + Level 6.0 Short Blades
 + Level 6.0 Long Blades
 + Level 6.0 Axes
 + Level 6.0 Maces & Flails
 + Level 6.0 Polearms
 + Level 6.0 Staves
 + Level 6.0 Slings
 + Level 6.0 Bows
 + Level 6.0 Crossbows
 + Level 6.0 Throwing
 + Level 6.0 Armour
 + Level 7.6 Dodging
 + Level 7.4 Stealth
 + Level 6.0 Shields
 + Level 6.0 Unarmed Combat
 + Level 7.9 Spellcasting
 + Level 4.9 Conjurations
 + Level 4.9 Hexes
 + Level 4.9 Summonings
 + Level 4.9 Necromancy
 + Level 4.9 Translocations
 + Level 5.4 Transmutations
 + Level 4.9 Fire Magic
 + Level 4.9 Ice Magic
 + Level 4.9 Air Magic
 + Level 7.4 Earth Magic
 + Level 4.9 Poison Magic
 + Level 6.5 Invocations
 + Level 6.0 Evocations


You had 12 spell levels left.
You knew the following spells:

 Your Spells              Type           Power        Failure   Level
a - Sandblast             Erth           #####.       1%          1
b - Stone Arrow           Conj/Erth      ####..       1%          3
c - Petrify               Tmut/Erth      #####...     5%          4
d - Lee's Rapid Deconstr  Erth           #####.....   3%          5

Your spell library contained the following spells:

 Spells                   Type           Power        Failure   Level
 Iskenderun's Battlesphe  Conj           ####....     8%          5
 Shock                    Conj/Air       ####         1%          1
 Passwall                 Tmut/Erth      #####...     1%          2
 Swiftness                Air            ####....     1%          2
 Static Discharge         Conj/Air       ####....     1%          3
 Airstrike                Air            ####......   3%          4
 Lightning Bolt           Conj/Air       ####......   8%          5


Dungeon Overview and Level Annotations

Branches:
Dungeon (10/15)            Temple (1/1) D:4            Lair (0/6) D:8
    Orc: D:9-12

Altars:
Ashenzari
Cheibriados
Dithmenos
Elyvilon
Fedhas
Gozag
Hepliaklqana
Kikubaaqudgha
Makhleb
Nemelex Xobeh
Okawaru
Qazlal
Ru
Sif Muna
Trog
Uskayaw
Vehumet
Wu Jian
Xom
Yredelemnul
Zin
The Shining One
Jiyva

Shops:
D:10 =

Annotations:
D:9 1 runed translucent door
D:10 Fannar


Innate Abilities, Weirdness & Mutations

Your experience applies equally to all skills.
You have very sharp teeth.
Your uncanny sense of smell can sniff out nearby items.
You have sharp fingernails.
You are partially covered in iridescent scales. (AC +2)
You occasionally shout uncontrollably at your foes.


Message History

The two-headed ogre is severely wounded.
The two-headed ogre completely misses you.
The two-headed ogre closely misses you.
You hit the two-headed ogre.
The two-headed ogre is severely wounded.
The two-headed ogre misses you.
The two-headed ogre hits you with a +0 giant club.
You barely miss the two-headed ogre.
The two-headed ogre is severely wounded.
The two-headed ogre hits you with a +0 giant club! x2
* * * LOW HITPOINT WARNING * * *
Casting: Petrify (dangerous; 5% risk of failure)
Confirm with . or Enter, or press ? or * to list all spells.
Aiming: Stone Arrow (safe; 1% risk of failure)
Press: ? - help, Shift-Dir - straight line, f/p - two-headed ogre
Aim: a two-headed ogre, wielding two +0 giant clubs (severely wounded)
The stone arrow hits the two-headed ogre!
The two-headed ogre is almost dead.
The two-headed ogre hits you with a +0 giant club!!
You die...

#P≈≈♣♣P♣♣♣≈≈...###
##P≈≈≈♣≈≈≈.≈.....#
#..≈♣♣♣♣PP......#
##≈≈≈≈≈≈P≈......#
#PP≈≈≈P≈P......##
##PPP≈PP≈........#
#...PP≈P.........#
#....###...........#
....###
#...O@......# ....
##...<......## ....
#...........## ..
##......###..## ####
##....## ##..####..#
##.### ##..##..##
##########......#
#.....#.###..#
#.8.8.#.# ##.#


You could see a two-headed ogre.

Vanquished Creatures
  Harold (D:8)
  A two-headed ogre (D:8)
  Joseph (D:8)
  A troll (D:6)
  Sigmund (D:2)
  2 wyverns
  Grum (D:8)
  2 black bears
  An ice beast (D:5)
  3 phantoms
  4 sky beasts
  2 necrophages
  3 ogres
  A centaur (D:9)
  3 wolves
  A big kobold (D:7)
  7 bullfrogs
  A water moccasin skeleton (D:7)
  2 scorpions
  11 killer bees
  7 wights
  4 howler monkeys
  2 orc priests
  3 hounds
  7 jellies
  5 bullfrog skeletons
  4 worker ants
  10 orc wizards
  4 iguanas
  3 hound skeletons
  Robin (D:2)
  15 gnolls
  11 adders
  4 shadow imps
  2 white imps
  An ufetubus (D:5)
  2 oozes
  An adder zombie (D:8)
  2 worms
  2 dart slugs
  2 leopard geckos (D:4)
  29 orcs
  11 bats
  6 giant cockroaches
  12 goblins
  13 hobgoblins
  12 jackals
  20 kobolds
  4 quokkas
  3 ball pythons
  6 frilled lizards
  A giant cockroach zombie (D:5)
  2 quokka skeletons (D:9)
  11 rats
271 creatures vanquished.

Vanquished Creatures (others)
  12 plants
12 creatures vanquished.

Grand Total: 283 creatures vanquished

Notes
Turn   | Place    | Note
-------+----------+-------------------------------------------
     0 | D:1      | night the Gnoll Earth Elementalist began the quest for the
                  | Orb.
     0 | D:1      | Reached XP level 1. HP: 13/13 MP: 6/6
   111 | D:1      | Reached skill level 2 in Transmutations
   189 | D:1      | Reached XP level 2. HP: 19/19 MP: 4/7
   352 | D:1      | Reached XP level 3. HP: 25/25 MP: 9/9
   388 | D:1      | Reached skill level 5 in Spellcasting
  1001 | D:1      | Reached skill level 1 in Invocations
  1092 | D:2      | Learned a level 3 spell: Stone Arrow
  1188 | D:2      | Noticed Sigmund
  1231 | D:2      | Killed Sigmund
  1231 | D:2      | Reached skill level 1 in Fighting
  1231 | D:2      | Reached skill level 1 in Short Blades
  1231 | D:2      | Reached skill level 1 in Long Blades
  1231 | D:2      | Reached skill level 1 in Axes
  1231 | D:2      | Reached skill level 1 in Maces & Flails
  1231 | D:2      | Reached skill level 1 in Polearms
  1231 | D:2      | Reached skill level 1 in Staves
  1231 | D:2      | Reached skill level 1 in Slings
  1231 | D:2      | Reached skill level 1 in Bows
  1231 | D:2      | Reached skill level 1 in Crossbows
  1231 | D:2      | Reached skill level 1 in Throwing
  1231 | D:2      | Reached skill level 1 in Armour
  1231 | D:2      | Reached skill level 1 in Shields
  1231 | D:2      | Reached skill level 1 in Unarmed Combat
  1231 | D:2      | Reached skill level 1 in Conjurations
  1231 | D:2      | Reached skill level 1 in Hexes
  1231 | D:2      | Reached skill level 1 in Summonings
  1231 | D:2      | Reached skill level 1 in Necromancy
  1231 | D:2      | Reached skill level 1 in Translocations
  1231 | D:2      | Reached skill level 1 in Fire Magic
  1231 | D:2      | Reached skill level 1 in Ice Magic
  1231 | D:2      | Reached skill level 1 in Air Magic
  1231 | D:2      | Reached skill level 1 in Poison Magic
  1231 | D:2      | Reached skill level 1 in Evocations
  1231 | D:2      | Reached XP level 4. HP: 33/33 MP: 3/11
  1231 | D:2      | Reached XP level 5. HP: 38/38 MP: 3/12
  1726 | D:2      | Reached XP level 6. HP: 44/44 MP: 13/13
  1788 | D:2      | Reached skill level 2 in Invocations
  1863 | D:2      | Learned a level 4 spell: Petrify
  1869 | D:2      | Learned a level 5 spell: Lee's Rapid Deconstruction
  1887 | D:2      | Noticed Robin
  1903 | D:2      | Killed Robin
  2305 | D:3      | Reached skill level 5 in Dodging
  2335 | D:3      | Reached skill level 2 in Fighting
  2335 | D:3      | Reached skill level 2 in Short Blades
  2335 | D:3      | Reached skill level 2 in Long Blades
  2335 | D:3      | Reached skill level 2 in Axes
  2335 | D:3      | Reached skill level 2 in Maces & Flails
  2335 | D:3      | Reached skill level 2 in Polearms
  2335 | D:3      | Reached skill level 2 in Staves
  2335 | D:3      | Reached skill level 2 in Slings
  2335 | D:3      | Reached skill level 2 in Bows
  2335 | D:3      | Reached skill level 2 in Crossbows
  2335 | D:3      | Reached skill level 2 in Throwing
  2335 | D:3      | Reached skill level 2 in Armour
  2335 | D:3      | Reached skill level 2 in Shields
  2335 | D:3      | Reached skill level 2 in Unarmed Combat
  2335 | D:3      | Reached skill level 2 in Evocations
  3307 | D:4      | Found a staircase to the Ecumenical Temple.
  3309 | D:4      | Noticed a phantom
  3332 | D:4      | Killed a phantom
  3332 | D:4      | Reached XP level 7. HP: 14/50 MP: 2/15
  3575 | Temple   | Entered the Ecumenical Temple
  3689 | Temple   | Became a worshipper of Vehumet
  4151 | D:4      | Reached skill level 2 in Conjurations
  4151 | D:4      | Reached skill level 2 in Hexes
  4151 | D:4      | Reached skill level 2 in Summonings
  4151 | D:4      | Reached skill level 2 in Necromancy
  4151 | D:4      | Reached skill level 2 in Translocations
  4151 | D:4      | Reached skill level 2 in Fire Magic
  4151 | D:4      | Reached skill level 2 in Ice Magic
  4151 | D:4      | Reached skill level 2 in Air Magic
  4151 | D:4      | Reached skill level 2 in Poison Magic
  4444 | D:4      | Reached skill level 5 in Stealth
  4446 | D:4      | Reached XP level 8. HP: 44/57 MP: 3/16
  5141 | D:5      | Entered Level 5 of the Dungeon
  5342 | D:4      | Reached * piety under Vehumet
  5342 | D:4      | Offered knowledge of Shock by Vehumet.
  6780 | D:6      | Noticed a troll
  6873 | D:6      | Killed a troll
  6873 | D:6      | Reached XP level 9. HP: 65/65 MP: 11/18
  7073 | D:6      | Offered knowledge of Freeze by Vehumet.
  7400 | D:7      | Reached ** piety under Vehumet
  8404 | D:7      | Found a broken altar of Ashenzari.
  8595 | D:8      | Noticed a death yak
  8636 | D:7      | Reached skill level 5 in Invocations
  8718 | D:8      | Noticed Grum
  8970 | D:7      | Reached XP level 10. HP: 15/73 MP: 3/20
  9250 | D:8      | Found a staircase to the Lair.
  9273 | D:8      | Killed Grum
  9518 | D:8      | Reached skill level 5 in Fighting
  9518 | D:8      | Reached skill level 5 in Short Blades
  9518 | D:8      | Reached skill level 5 in Long Blades
  9518 | D:8      | Reached skill level 5 in Axes
  9518 | D:8      | Reached skill level 5 in Maces & Flails
  9518 | D:8      | Reached skill level 5 in Polearms
  9518 | D:8      | Reached skill level 5 in Staves
  9518 | D:8      | Reached skill level 5 in Slings
  9518 | D:8      | Reached skill level 5 in Bows
  9518 | D:8      | Reached skill level 5 in Crossbows
  9518 | D:8      | Reached skill level 5 in Throwing
  9518 | D:8      | Reached skill level 5 in Armour
  9518 | D:8      | Reached skill level 5 in Shields
  9518 | D:8      | Reached skill level 5 in Unarmed Combat
  9518 | D:8      | Reached skill level 5 in Evocations
  9533 | D:8      | Offered knowledge of Static Discharge by Vehumet.
  9820 | D:8      | Reached *** piety under Vehumet
 10475 | D:8      | Noticed a two-headed ogre
 10507 | D:8      | Killed a two-headed ogre
 10507 | D:8      | Reached skill level 5 in Transmutations
 10918 | D:9      | Found a runed translucent door.
 11174 | D:9      | Noticed Joseph
 11745 | D:9      | Noticed Harold
 11791 | D:8      | HP: 7/74 [Harold/+3 vorpal battleaxe (19)]
 11791 | D:8      | HP: 2/74 [Harold/+3 vorpal battleaxe (5)]
 11793 | D:8      | Killed Joseph
 11793 | D:8      | Offered knowledge of Hailstorm by Vehumet.
 11793 | D:8      | Killed Harold
 11793 | D:8      | Reached XP level 11. HP: 31/81 MP: 22/22
 11857 | D:9      | HP: 12/81 [centaur/arrow (12)]
 11864 | D:9      | Gained mutation: You have sharp fingernails. [potion of
                  | mutation]
 11864 | D:9      | Gained mutation: You occasionally shout uncontrollably at
                  | your foes. [potion of mutation]
 11864 | D:9      | Gained mutation: You are partially covered in iridescent
                  | scales. (AC +2) [potion of mutation]
 11865 | D:9      | HP: 9/81 [centaur (5)]
 12592 | D:9      | Found a viscous altar of Jiyva.
 12852 | D:10     | Entered Level 10 of the Dungeon
 12899 | D:10     | Reached **** piety under Vehumet
 12932 | D:10     | Noticed Fannar
 12948 | D:10     | Offered knowledge of Iskenderun's Battlesphere by Vehumet.
 13159 | D:10     | Noticed a two-headed ogre
 13191 | D:10     | Found Rud Ohoc's Jewellery Shop.
 13242 | D:10     | Mangled by a two-headed ogre

Illustrated notes

Levels and vault maps discovered:
D:1:      dpeg_arrival_water_temple_mockup, layout_basic
D:2:      layout_rooms, uniq_robin, uniq_sigmund
D:3:      layout_basic
D:4:      layout_gridville, minmay_temple_entry_tees, minmay_between
D:5:      layout_basic, corexii_hall_statues_l
D:6:      layout_basic
D:7:      layout_loops_ring, marbit_many_paths
D:8:      layout_loops_ring, david_lair_generic, serial_glass, glass_columns_b,
          glass_columns_a, glass_columns_c, glass_columns_c, glass_columns_a,
          glass_columns_a, uniq_grum
D:9:      layout_cave_pools, minmay_st_funbox, jiyva_altar_1, uniq_joseph,
          uniq_harold
D:10:     layout_cave_pods, serial_shops, kennysheep_little_box,
          nicolae_shop_trees, shop, nicolae_shop_behind_doors, shop,
          serial_bayou, serial_bayou_shore_a, serial_bayou_pond_a,
          serial_bayou_lagoon_a, serial_bayou_shore_b, uniq_fannar
Temple:   grunt_wide_crystal_templ

Skill      XL: |  1  2  3  4  5  6  7  8  9 10 11 |
---------------+----------------------------------+-----
Transmutations | 2 3 4 5 |  5.4
Spellcasting   | 5 6 7 |  7.9
Invocations    | 1 2 3 4 5 6 |  6.5
Fighting       | 1 2 3 4 5 6 |  6.0
Short Blades   | 1 2 3 4 5 6 |  6.0
Long Blades    | 1 2 3 4 5 6 |  6.0
Axes           | 1 2 3 4 5 6 |  6.0
Maces & Flails | 1 2 3 4 5 6 |  6.0
Polearms       | 1 2 3 4 5 6 |  6.0
Staves         | 1 2 3 4 5 6 |  6.0
Slings         | 1 2 3 4 5 6 |  6.0
Bows           | 1 2 3 4 5 6 |  6.0
Crossbows      | 1 2 3 4 5 6 |  6.0
Throwing       | 1 2 3 4 5 6 |  6.0
Armour         | 1 2 3 4 5 6 |  6.0
Shields        | 1 2 3 4 5 6 |  6.0
Unarmed Combat | 1 2 3 4 5 6 |  6.0
Conjurations   | 1 2 3 4 |  4.9
Hexes          | 1 2 3 4 |  4.9
Summonings     | 1 2 3 4 |  4.9
Necromancy     | 1 2 3 4 |  4.9
Translocations | 1 2 3 4 |  4.9
Fire Magic     | 1 2 3 4 |  4.9
Ice Magic      | 1 2 3 4 |  4.9
Air Magic      | 1 2 3 4 |  4.9
Poison Magic   | 1 2 3 4 |  4.9
Evocations     | 1 2 3 4 5 6 |  6.0
Dodging        | 5 6 7 |  7.6
Stealth        | 5 6 7 |  7.4
Earth Magic    | 6 7 |  7.4

Action                   |  1- 3 |  4- 6 |  7- 9 | 10-12 || total
-------------------------+-------+-------+-------+-------++-------
Melee: Dagger            |    63 |       |       |       ||    63
       Bite              |     8 |    16 |    21 |     9 ||    54
       Punch             |     1 |       |       |     4 ||     5
       Short sword       |    13 |    19 |       |       ||    32
       Battleaxe         |       |   137 |   161 |    32 ||   330
       Trident           |       |       |    83 |   126 ||   209
Throw: Stone             |       |       |     1 |     8 ||     9
 Cast: Sandblast         |    21 |     7 |    21 |    14 ||    63
       Stone Arrow       |     1 |    12 |    26 |    32 ||    71
       Lee's Rapid Decon |       |     5 |    19 |    17 ||    41
       Petrify           |       |       |       |    12 ||    12
Evoke: Wand              |       |       |       |     8 ||     8
  Use: Scroll            |       |    13 |       |     3 ||    16
       Potion            |       |     1 |       |    11 ||    12
 Stab: Sleeping          |     4 |     6 |    10 |     9 ||    29
       Distracted        |       |       |     2 |       ||     2
       Petrified         |       |       |       |     9 ||     9
Armor: Robe              |     9 |    60 |    49 |    32 ||   150
       Skin              |       |       |       |     4 ||     4
Dodge: Dodged            |    59 |   188 |   278 |   172 ||   697

Table legend: (Time is in decaauts)
 A = Elapsed time spent in this place.
 B = Non-inter-level travel time spent in this place.
 C = Inter-level travel time spent in this place.
 D = Time resting spent in this place.
 E = Time spent auto-exploring this place.
 F = Levels seen in this place.
 G = Mean time per level.
                   A        B        C        D        E       F      G
               +--------+--------+--------+--------+--------+-----+--------+
         Total |  13460 |  12899 |    561 |   4642 |   5827 |  11 | 1223.6 |
       Dungeon |  13340 |  12798 |    542 |   4642 |   5729 |  10 | 1334.0 |
        Temple |    119 |    100 |     19 |      0 |     98 |   1 |  119.0 |
               +--------+--------+--------+--------+--------+-----+--------+

Top non-repeatable levels by time:
     D:7: 2391 daAuts
     D:8: 1872 daAuts
     D:4: 1634 daAuts
     D:9: 1409 daAuts
     D:2: 1254 daAuts
     D:3: 1237 daAuts
     D:6: 1155 daAuts
     D:1: 1104 daAuts
     D:5: 1061 daAuts
    D:10: 219 daAuts
  Temple: 119 daAuts
